 Dungeon Crawl Stone Soup version 0.28-a0-297-g99b01970c5 (webtiles) character file.

Game seed: 5887512890025134762

132 Anathary the Covered (level 4, -2/41 HPs)
             Began as a Minotaur Fighter on Aug 29, 2021.
             Slain by Blork the orc (11 damage)
             ... on level 4 of the Dungeon.
             The game lasted 00:10:42 (2622 turns).

Anathary the Covered (Minotaur Fighter)             Turns: 2622, Time: 00:10:43

Health: -2/41      AC:  7    Str: 22    XL:     4   Next: 92%
Magic:  3/3        EV:  7    Int:  5    God:
Gold:   95         SH:  8    Dex:  9    Spells: 3/3 levels left

rFire   . . .      SeeInvis .   a - +0 long sword
rCold   . . .      Faith    .   c - +0 kite shield
rNeg    . . .      Spirit   .   b - +0 scale mail
rPois   .          Reflect  .   (helmet restricted)
rElec   .          Harm     .   (no cloak)
rCorr   .          Rampage  .   (no gloves)
Will    .....                   (no boots)
Stlth   ..........              (no amulet)
HPRegen 0.13/turn               (no ring)
MPRegen 0.08/turn               (no ring)

@: no status effects
A: horns 2, retaliatory headbutt
a: no special abilities


You were on level 4 of the Dungeon.
You visited 1 branch of the dungeon, and saw 4 of its levels.

You collected 95 gold pieces.

Inventory:

Hand Weapons
 a - a +0 long sword (weapon)
Armour
 b - a +0 scale mail (worn)
 c - a +0 kite shield (worn)
Scrolls
 e - 2 scrolls of magic mapping {unknown}
 h - a scroll of fear {unknown}
 k - 2 scrolls of identify {unknown}
 l - a scroll of fog {unknown}
 n - 3 scrolls of teleportation {unknown}
 o - a scroll of torment {unknown}
 q - 3 scrolls of immolation {unknown}
Potions
 d - a potion of might
 f - a potion of attraction {unknown}
 g - a potion of curing {unknown}
 i - a potion of haste {unknown}
 j - a potion of ambrosia {unknown}
 m - a potion of invisibility {unknown}
 p - a potion of flight {unknown}


   Skills:
 + Level 4.4 Fighting
 + Level 4.0 Long Blades
 + Level 4.7 Armour
 + Level 0.8 Dodging
 + Level 4.2 Shields


You had 3 spell levels left.
You didn't know any spells.
Your spell library contained the following spells:

 Spells                   Type           Power      Damage    Failure   Level
 Borgnjor's Revivificati  Necr           0%         N/A       100%        8
 Necromutation            Tmut/Necr      0%         N/A       100%        8
 Death's Door             Necr           0%         N/A       100%        9


Dungeon Overview and Level Annotations

Branches:
Dungeon (4/15)
 Temple: D:4-7

Altars:

Shops:
D:1 !

Annotations:
D:4 Blork the orc


Innate Abilities, Weirdness & Mutations

You have a pair of horns on your head.
You reflexively headbutt those who attack you in melee.


Message History

The iguana hisses angrily.
Blork the orc comes into view.
He is wielding a +0 halberd.
Blork the orc shouts!
Blork the orc looks encouraged for a moment.
You closely miss the iguana. Your headbutt misses the iguana.
The iguana bites you but does no damage.
You barely miss the iguana.
Blork the orc screams, "I'll break your arms!"
You block the iguana's attack.
A hobgoblin comes into view. It is wielding a +0 quarterstaff.
You hit the iguana. Your headbutt misses the iguana.
The iguana is lightly wounded.
You block the iguana's attack. x2
You slash the iguana! You headbutt the iguana!
You kill the iguana!
Blork the orc casts a spell at you. The magic dart hits you.
Your Long Blades skill increases to level 4!
You see here an iguana corpse.
You closely miss the hobgoblin. Your headbutt misses the hobgoblin.
Blork the orc points at you and mumbles some strange words.
The puff of frost hits you. You block the hobgoblin's attack.
Blork the orc casts a spell.
Blork the orc seems to speed up.
Your shield and scale mail prevent you from hitting the hobgoblin.
You headbutt the hobgoblin.
The hobgoblin is heavily wounded.
Blork the orc points at you and mumbles some strange words.
The puff of frost hits you!
The hobgoblin hits you with a +0 quarterstaff.
Blork the orc gestures at you while chanting.
The puff of flame hits you!
* * * LOW HITPOINT WARNING * * *
Unknown command.
Unknown command.
Unknown command.
You hit the hobgoblin.
You kill the hobgoblin!
Blork the orc hits you from afar with a +0 halberd!
You die...

#...#####.#.#.#.# #.#
##......#.#.#.#.##.#.#
#......#.#.#.#<...#.#
##.....#.#.#.#.####.#
#.)...# # #......#
##.####.############
#..###..... #.....#
#..###)@...#
.......†...#
#......o.###
.........# #.........
....)......
.........>.#
...........#
........#..#


You could see Blork the orc (fast).

Vanquished Creatures
  Jessica (D:3)
  An iguana (D:4)
  2 adders (D:3)
  A worm (D:2)
  2 dart slugs
  2 orcs (D:3)
  5 ball pythons
  7 endoplasms
  A giant cockroach (D:4)
  6 goblins
  3 hobgoblins
  3 jackals (D:1)
  2 quokkas (D:3)
  5 bats
  2 frilled lizards
  5 kobolds
  6 rats (D:2)
54 creatures vanquished.

Notes
Turn   | Place    | Note
-------+----------+-------------------------------------------
     0 | D:1      | Anathary the Minotaur Fighter began the quest for the Orb.
     0 | D:1      | Reached XP level 1. HP: 19/19 MP: 0/0
   205 | D:1      | Found Voloe's Distillery.
   248 | D:1      | Reached XP level 2. HP: 26/27 MP: 1/1
  1160 | D:2      | Reached XP level 3. HP: 33/33 MP: 2/2
  2221 | D:3      | Noticed Jessica
  2233 | D:3      | Killed Jessica
  2234 | D:3      | Reached XP level 4. HP: 38/40 MP: 3/3
  2613 | D:4      | Noticed Blork the orc
  2622 | D:4      | Slain by Blork the orc

Illustrated notes

Levels and vault maps discovered:
D:1:      mrwooster_arrival_statue, layout_loops_ring, serial_shops, shop,
          amcnicky_mini_corridor_feature
D:2:      layout_basic, minmay_misc_feat_plants
D:3:      layout_rooms, uniq_jessica
D:4:      layout_basic, regret_index_temple_of_mockery, lemuel_round_altar,
          lemuel_zombie_altar_kikubaaqudgha, minmay_temple_entry_glass,
          ebering_ghost_sewer_d, uniq_blork_the_orc

Skill      XL: |  1  2  3  4 |
---------------+-------------+-----
Armour         | 4 |  4.7
Fighting       | 4 |  4.4
Long Blades    | 3 4 |  4.0
Shields        | 4 |  4.2
Dodging        | |  0.8

Action                   |  1- 3 |  4- 6 || total
-------------------------+-------+-------++-------
Melee: Long sword        |   110 |    36 ||   146
       Headbutt          |    13 |     4 ||    17
Armor: Scale mail        |    83 |    15 ||    98
Dodge: Dodged            |    36 |     8 ||    44
Block: Kite shield       |    42 |    17 ||    59

Table legend: (Time is in decaauts)
 A = Elapsed time spent in this place.
 B = Non-inter-level travel time spent in this place.
 C = Inter-level travel time spent in this place.
 D = Time resting spent in this place.
 E = Time spent auto-exploring this place.
 F = Levels seen in this place.
 G = Mean time per level.
                   A        B        C        D        E       F      G
               +--------+--------+--------+--------+--------+-----+--------+
         Total |   2690 |   2548 |    142 |    304 |   1288 |   4 |  672.5 |
       Dungeon |   2690 |   2548 |    142 |    304 |   1288 |   4 |  672.5 |
               +--------+--------+--------+--------+--------+-----+--------+

Top non-repeatable levels by time:
     D:2: 1315 daAuts
     D:1: 776 daAuts
     D:3: 533 daAuts
     D:4: 64 daAuts
